 Dungeon Crawl Stone Soup version 0.21-a0-380-gd65dc97 (webtiles) character file.

77 Dordric the Cudgeler (level 4, -2/28 HPs)
             Began as a Gargoyle Berserker on Oct 18, 2017.
             Was a Believer of Trog.
             Killed by divine providence
             ... invoked by an orc priest
              (12 damage)
             ... on level 3 of the Dungeon.
             The game lasted 00:03:41 (2035 turns).

Dordric the Cudgeler (Gargoyle Berserker)           Turns: 2035, Time: 00:03:41

Health: -2/28      AC: 16    Str: 20    XL:     4   Next: 33%
Magic:  4/4        EV:  6    Int:  8    God:    Trog [**....]
Gold:   144        SH:  0    Dex: 10    Spells: 3/3 levels left

rFire    . . .     SeeInvis .   k - +0 whip
rCold    . . .     Gourm    .   (no shield)
rNeg     + . .     Faith    .   o - +0 plate armour
rPois    ∞         Spirit   .   h - +1 helmet
rElec    +         Reflect  .   (no cloak)
rCorr    .         Harm     .   (no gloves)
MR       +....                  (no boots)
Stlth    ..........             (no amulet)
HPRegen  0.09/turn              m - ring of protection from magic
MPRegen  0.09/turn              (no ring)

@: no status effects
A: negative energy resistance 1, electricity resistance, unbreathing,
petrification resistance, rot immunity, AC +3
a: Berserk, Trog's Hand, Burn Spellbooks, Renounce Religion


You were on level 3 of the Dungeon.
You worshipped Trog.
Trog was pleased with you.
You were not hungry.

You visited 1 branch of the dungeon, and saw 3 of its levels.

You collected 144 gold pieces.

Inventory:

Hand Weapons
 a - a +0 mace
 k - a +0 whip (weapon)
Armour
 b - a +0 animal skin
 h - a +1 helmet (worn)
 n - a +0 ring mail
 o - a +0 plate armour (worn)
Jewellery
 m - a ring of protection from magic (left hand)
Scrolls
 e - 2 scrolls of identify {unknown}
 g - a scroll of enchant armour {unknown}
 i - a scroll of fear {unknown}
 l - a scroll of remove curse {unknown}
Potions
 j - a potion of resistance {unknown}
 p - a potion of curing {unknown}
Comestibles
 c - a bread ration
 d - a chunk of flesh
 f - 2 meat rations


   Skills:
 - Level 3.3 Fighting
 + Level 5.0 Maces & Flails
 - Level 2.2 Armour
 - Level 1.5 Dodging


You had 3 spell levels left.
You didn't know any spells.

Dungeon Overview and Level Annotations

Branches:
Dungeon (3/15)

Altars:
Cheibriados


Innate Abilities, Weirdness & Mutations

You are resistant to torment.
Your stone body is resilient. (AC +3)
You are immune to poison.
You resist negative energy. (rN+)
You are resistant to electric shocks. (rElec)
You can survive without breathing.
You are immune to petrification.
You are immune to rotting.


Message History

You are too injured to fight recklessly!
You are too injured to fight recklessly!
You are too injured to fight recklessly!
You are too injured to fight recklessly!
You are too injured to fight recklessly!
You are too injured to fight recklessly!
You are too injured to fight recklessly!
You are too injured to fight recklessly!
You are too injured to fight recklessly!
You are too injured to fight recklessly!
You are too injured to fight recklessly!
You are too injured to fight recklessly!
You are too injured to fight recklessly!
You are too injured to fight recklessly!
You are too injured to fight recklessly!
The orc priest hits you but does no damage.
The orc hits you but does no damage.
The orc priest calls down the wrath of Beogh upon you.
Beogh smites you!
You die...

##........# .........#
#........# # #........# #.
#..#........#
.###.######..........#####
.........## #.#..........
.......o$.####.#..........
......o.o@...#.#..........
.......o..##......[.......
..........######..........
..[.......# #...<......
..........# #..........
########### #..........
#.......... ###########


You could see an orc priest and 3 orcs.

Vanquished Creatures
  2 adders (D:2)
  A leopard gecko (D:1)
  4 giant cockroaches
  10 goblins
  4 hobgoblins
  6 jackals (D:2)
  2 ball pythons (D:2)
  8 bats
  3 frilled lizards
  6 kobolds
  7 rats
53 creatures vanquished.

Notes
Turn   | Place    | Note
-------+----------+-------------------------------------------
     0 | D:1      | Dordric the Gargoyle Berserker began the quest for the Orb.
     0 | D:1      | Reached XP level 1. HP: 14/14 MP: 1/1
   314 | D:1      | Reached XP level 2. HP: 18/19 MP: 2/2
  1307 | D:2      | Reached skill level 4 in Maces & Flails
  1315 | D:2      | Reached XP level 3. HP: 20/23 MP: 3/3
  1510 | D:2      | Reached ** piety under Trog
  1721 | D:2      | Reached XP level 4. HP: 22/28 MP: 4/4
  1939 | D:2      | Found a snail-covered altar of Cheibriados.
  2011 | D:3      | Reached skill level 5 in Maces & Flails
  2035 | D:3      | Killed from afar by an orc priest

Vault maps used:
D:1:      scummos_arrival_simple_crosswalls, serial_co_window_serial,
          co_window_corner_a, co_window_of_opportunity_a, co_window_corner_a,
          co_window_paths_b, co_window_paths_a, co_window_paths_a,
          co_window_corner_a, co_window_paths_c, co_window_corner_b,
          co_window_2corner, co_window_paths_d, co_window_4corner_a,
          glass_columns_b, glass_columns_b, glass_columns_b, st_stairs_8
D:2:      overflow_temple_1_default, nicolae_overflow_hidden_temple
D:3:      first_bread, uniq_sigmund, uniq_jessica

Skill      XL: |  1  2  3  4 |
---------------+-------------+-----
Maces & Flails | 4 5 |  5.0
Fighting       | |  3.3
Armour         | |  2.2
Dodging        | |  1.5

Action                   |  1- 3 |  4- 6 || total
-------------------------+-------+-------++-------
Melee: Mace              |    49 |       ||    49
       Whip              |   138 |    43 ||   181
 Stab: Sleeping          |     1 |       ||     1
  Eat: Chunk             |     3 |     1 ||     4
Armor: Animal skin       |    67 |       ||    67
       Ring mail         |    33 |    13 ||    46
       Plate armour      |       |    12 ||    12
Dodge: Dodged            |   168 |    30 ||   198

Table legend:
 A = Spawn XP
 B = Non-spawn XP
 C = Spawn XP percentage of total XP
 D = Spawn monster count
 E = Non-spawn monster count
 F = Spawn count percentage of total count
 G = Total turns spent on level
                    A         B        C        D         E        F      G
               +---------+---------+-------+---------+---------+-------+---------
         Total |       0 |     110 |   0.0 |       0 |      53 |   0.0 |  2035
               +---------+---------+-------+---------+---------+-------+---------
           D:1 |       0 |      30 |   0.0 |       0 |      19 |   0.0 |  1291
           D:2 |       0 |      78 |   0.0 |       0 |      32 |   0.0 |   708
           D:3 |       0 |       2 |   0.0 |       0 |       2 |   0.0 |    36
               +---------+---------+-------+---------+---------+-------+---------
